 Dungeon Crawl Stone Soup version 0.30.1-4-g462c640d31 (webtiles) character file.

Game seed: 14153939989753366860

2210 leafyfresh the Transmogrifier (level 9, -2/82 HPs)
             Began as a Merfolk Transmuter on Aug 19, 2023.
             Was a Believer of Cheibriados.
             Slain by a sun demon (22 damage)
             ... summoned by an orc sorcerer
             ... in a bailey.
             The game lasted 00:28:22 (7379 turns).

leafyfresh the Transmogrifier (Merfolk Transmuter)  Turns: 7379, Time: 00:28:23

Health: -2/82      AC: 11    Str: 15    XL:     9   Next: 35%
Magic:  9/12       EV: 15    Int: 16    God:    Cheibriados [**....]
Gold:   273        SH:  0    Dex: 22    Spells: 4/12 levels left

rFire   x .          .
                       - Unarmed
rCold   + + +        (shield currently unavailable)
rNeg    . . .        a - melded +1 robe
rPois   +            p - melded +2 helmet of Begil {rCorr Int+4}
rElec   .            C - melded +0 cloak
rCorr   .            F - melded +0 pair of gloves
SInv    .            (boots currently unavailable)
Will    .....        q - amulet of regeneration
Stlth   ++           z - +4 ring of protection
HPRegen 1.13/turn    (no ring)
MPRegen 0.13/turn

%: no passive effects
@: ice-form, very slow
A: freezing attack, boosted hp, large, (nimble swimmer 2), (mertail)
a: End Transformation, Renounce Religion, Bend Time


You were in a bailey.
You worshipped Cheibriados.
Cheibriados was pleased with you.
You were a creature of crystalline ice.
You visited 2 branches of the dungeon, and saw 8 of its levels.
You also visited: Bailey.

You collected 385 gold pieces.
You spent 112 gold pieces at shops.

Inventory:

Hand Weapons
 G - the +4 hand axe "Qiumof" {freeze, *Rage Fly rC+++ Will-}
   (You took it off a wight on level 7 of the Dungeon)

   rC:        It renders you almost immune to cold.
   Fly:       It grants you flight.
   *Rage:     It berserks you when you make melee attacks (+20% chance).
   Will:      It decreases your willpower.
Missiles
 s - 12 poisoned darts
 w - a throwing net
Armour
 a - a +1 robe (melded)
 m - the +0 ring mail of the Stars {rElec rN+++ Int-3 Stlth-}
   (You found it on level 2 of the Dungeon)

   Int:       It affects your intelligence (-3).
   rElec:     It insulates you from electricity.
   rN:        It renders you almost immune to negative energy.
   Stlth:     It makes you less stealthy.
 p - the +2 helmet of Begil (melded) {rCorr Int+4}
   (You acquired it on level 5 of the Dungeon)

   Int:       It affects your intelligence (+4).
   rCorr:     It protects you from acid and corrosion.
 A - the +0 robe "Buejoomn" {rElec}
   (You found it on level 4 of the Dungeon)

   rElec:     It insulates you from electricity.
 C - a +0 cloak (melded)
 E - +0 acid dragon scales
 F - a +0 pair of gloves (melded)
Magical Staves
 t - a staff of conjuration
 v - a staff of earth
Jewellery
 q - an amulet of regeneration (around neck)
 u - an amulet of faith
 z - a +4 ring of protection (left front paw)
Wands
 r - a wand of flame (13)
Scrolls
 d - 4 scrolls of teleportation
 h - a scroll of fear
 i - 5 scrolls of fog
 j - a scroll of amnesia
 k - 2 scrolls of enchant armour
 n - a scroll of blinking
 y - a scroll of summoning
 B - a scroll of vulnerability {unknown}
 D - a scroll of enchant weapon {unknown}
Potions
 b - a potion of lignification
 c - 5 potions of heal wounds
 e - 5 potions of curing
 f - 3 potions of brilliance
 g - a potion of haste {unknown}
 l - a potion of berserk rage {unknown}
 o - 2 potions of degeneration {unknown}
 x - a potion of attraction {unknown}


   Skills:
 + Level 5.7 Fighting
 + Level 7.4 Dodging
 + Level 6.6 Unarmed Combat
 - Level 2.0 Spellcasting
 - Level 10.7 Transmutations


You had 4 spell levels left.
You knew the following spells:

 Your Spells              Type           Power      Damage    Failure   Level
a - Beastly Appendage     Tmut           70%        N/A       1%          1
b - Spider Form           Tmut/Pois      18%        N/A       7%          3
c - Ice Form              Ice/Tmut       18%        N/A       22%         4

Your spell library contained the following spells:

 Spells                   Type           Power      Damage    Failure   Level
 Wereblood                Tmut           35%        N/A       1%          2
 Foxfire                  Conj/Fire      4%         2x1d4     21%         1
 Summon Small Mammal      Summ           4%         N/A       21%         1
 Petrify                  Tmut/Erth      18%        N/A       22%         4
 Sublimation of Blood     Necr           1%         N/A       30%         2
 Call Canine Familiar     Summ           1%         N/A       52%         3
 Summon Guardian Golem    Hex/Summ       1%         N/A       52%         3
 Irradiate                Conj/Tmut      9%         3d14      54%         5
 Fireball                 Conj/Fire      0%         3d3       99%         5
 Plasma Beam              Fire/Air       0%         2x1d11    100%        6
 Starburst                Conj/Fire      0%         6d3       100%        6
 Borgnjor's Revivificati  Necr           0%         N/A       100%        8
 Necromutation            Tmut/Necr      9%         N/A       100%        8
 Death's Door             Necr           0%         N/A       100%        9


Dungeon Overview and Level Annotations

Branches:
Dungeon (7/15)             Temple (1/1) D:5          Bailey (1/1)

Altars:
Cheibriados
Elyvilon
Fedhas
Gozag
Hepliaklqana
Kikubaaqudgha
Nemelex Xobeh
Okawaru
Sif Muna
Trog
Uskayaw
Vehumet
Xom
Yredelemnul
The Shining One

Shops:
D:2 *   D:3 ?   D:6 ?

Annotations:
D:7 2 transporters, Maggie; sigtrap's ghost, novice SpHu


Innate Abilities, Weirdness & Mutations

You are a creature of crystalline ice.
You have a powerful freezing melee attack.
Your maximum health is increased.
Your armour is entirely melded.
You are incapable of wielding weapons or throwing items.
((You are very nimble when in or above water. (Stealth+, EV+, Speed+++)))
((Your lower body shifts to a powerful aquatic tail in water.))


Message History

HP restored.
Your transformation is almost over.
You warm up again.
Your +0 cloak unmelds from your body.
The +2 helmet of Begil {rCorr Int+4} unmelds from your body.
Your +0 pair of gloves unmelds from your body.
Your +1 robe unmelds from your body.
Your legs become a tail as you dive into the water.
An orc sorcerer comes into view. It is wielding a +0 war axe.
Found a gate leading back out of this place.
The orc sorcerer points at you and mumbles some strange words.
The bolt of fire hits you!!
You're standing in a cloud of steam!
Unknown command.
The orc sorcerer is engulfed in a cloud of scalding steam.
The orc sorcerer casts a spell.
Casting: Ice Form (dangerous; 17% risk of failure)
Confirm with . or Enter, or press ? or * to list all spells.
Okay, then.
Casting: Ice Form (dangerous; 17% risk of failure)
Confirm with . or Enter, or press ? or * to list all spells.
You turn into a creature of crystalline ice.
Your +0 cloak melds into your body.
The +2 helmet of Begil {rCorr Int+4} melds into your body.
Your +0 pair of gloves melds into your body.
Your +1 robe melds into your body.
The sun demon closely misses you.
You barely miss the sun demon. The sun demon hits you!
You are engulfed in flames!!
The fire burns you terribly!
You hit the sun demon. You freeze the sun demon.
The sun demon is lightly wounded.
The sun demon hits you.
You are engulfed in flames!!
The fire burns you terribly!
* * * LOW HITPOINT WARNING * * *
You hit the sun demon but do no damage.
The sun demon is lightly wounded.
The sun demon hits you.
* * * LOW HITPOINT WARNING * * *
You are engulfed in flames!!
The fire burns you terribly!
You die...

#.~≈≈≈≈≈≈≈≈#
#.~≈≈≈≈≈≈≈≈#
#.~≈≈≈≈≈≈≈≈#
#.~≈≈≈≈≈≈≈≈#
#.~≈≈≈≈≈≈≈≈#
#.~≈≈≈≈≈≈≈≈#
#.~≈≈≈≈≈≈≈≈#
#.~≈≈≈≈≈≈≈≈# ##
+#Y≈≈≈≈≈≈≈# #..
#3≈≈≈≈≈≈≈# . #..
#≈≈≈≈≈≈≈≈# #o#####
#≈≈≈≈≈≈≈≈# .∩.o...
#≈≈≈≈≈≈≈≈#
~~~~~o~######≈≈≈≈≈≈≈≈#
≈≈≈≈≈≈≈≈3≈≈≈≈≈≈≈≈≈≈≈≈#
≈≈≈§≈≈≈≈≈≈≈≈≈≈≈≈≈≈≈≈≈#
≈≈≈≈≈≈≈≈≈≈≈≈≈≈≈≈≈≈≈≈≈#


You could see a sun demon (summoned).

Vanquished Creatures
  Sigmund (D:5)
  A wyvern (D:7)
  A sky beast (D:6)
  2 ice beasts
  2 black bears (D:5)
  An ogre (D:6)
  2 phantoms
  A centaur (D:5)
  A kobold brigand (D:5)
  A scorpion (D:4)
  5 wights (D:7)
  2 electric eels (Bailey)
  5 hounds
  A jelly (D:7)
  3 orc priests
  4 iguanas (D:5)
  4 orc wizards
  4 gnolls (D:3)
  4 adders
  A shadow imp (D:7)
  2 worms
  A dart slug (D:3)
  33 orcs
  2 ball pythons
  5 endoplasms
  A giant cockroach (D:4)
  7 goblins
  4 hobgoblins
  18 kobolds
  5 quokkas
  2 bats (D:1)
  2 frilled lizards (D:1)
  5 rats
133 creatures vanquished.

Notes
Turn   | Place    | Note
-------+----------+-------------------------------------------
     0 | D:1      | leafyfresh the Merfolk Transmuter began the quest for the
                  | Orb.
     0 | D:1      | Reached XP level 1. HP: 15/15 MP: 3/3
    21 | D:1      | Reached skill level 3 in Transmutations
   174 | D:1      | Reached XP level 2. HP: 20/21 MP: 3/5
   377 | D:1      | Reached skill level 4 in Transmutations
   703 | D:2      | Found Suoxiuve's Assorted Antiques.
  1005 | D:2      | Reached XP level 3. HP: 26/26 MP: 6/6
  1010 | D:2      | Identified the +0 ring mail of the Stars {rElec rN+++ Int-3
                  | Stlth-}
  1442 | D:3      | Found an iron altar of Okawaru.
  1682 | D:3      | Reached skill level 5 in Transmutations
  1804 | D:3      | Reached XP level 4. HP: 20/32 MP: 5/7
  1819 | D:3      | Reached skill level 6 in Transmutations
  2043 | D:3      | Learned a level 3 spell: Spider Form
  2273 | D:3      | Found Koamuaz's Magic Scroll Shoppe.
  2353 | D:3      | Found a hide-covered altar of Uskayaw.
  2733 | D:3      | Bought a scroll of identify for 28 gold pieces
  2733 | D:3      | Bought a scroll of identify for 28 gold pieces
  2733 | D:3      | Bought a scroll of identify for 28 gold pieces
  2733 | D:3      | Bought a scroll of identify for 28 gold pieces
  2738 | D:3      | Identified a scroll of acquirement
  3525 | D:4      | Reached XP level 5. HP: 29/37 MP: 1/8
  3538 | D:4      | Reached skill level 7 in Transmutations
  3704 | D:4      | Reached skill level 8 in Transmutations
  3704 | D:4      | Reached XP level 6. HP: 41/43 MP: 5/9
  3800 | D:4      | Identified the +0 robe "Buejoomn" {rElec}
  4055 | D:5      | Entered Level 5 of the Dungeon
  4062 | D:5      | Noticed Sigmund
  4124 | D:5      | Killed Sigmund
  4125 | D:5      | Reached skill level 9 in Transmutations
  4128 | D:5      | Noticed a black bear
  4135 | D:5      | Killed a black bear
  4136 | D:5      | Reached XP level 7. HP: 46/48 MP: 2/10
  4244 | D:5      | Found a hazy altar of Hepliaklqana.
  4269 | D:5      | Reached skill level 10 in Transmutations
  4698 | D:5      | Reached XP level 8. HP: 57/57 MP: 7/11
  4907 | D:5      | Found a staircase to the Ecumenical Temple.
  4919 | Temple   | Entered the Ecumenical Temple
  5028 | Temple   | Became a worshipper of Cheibriados the Contemplative
  5380 | D:5      | Acquired the +2 helmet of Begil {rCorr Int+4}
  5392 | D:5      | Learned a level 4 spell: Ice Form
  5468 | D:6      | Reached skill level 5 in Dodging
  6022 | D:6      | Reached skill level 5 in Unarmed Combat
  6024 | D:6      | Reached * piety under Cheibriados
  6163 | D:6      | Found Ythose Jibe's Magic Scroll Boutique.
  6356 | D:6      | Found a basalt altar of Yredelemnul.
  7046 | D:7      | Found a radiant altar of Vehumet.
  7071 | D:7      | Found a transporter.
  7073 | D:7      | Noticed a moth of wrath
  7075 | D:7      | Noticed sigtrap's ghost (novice SpHu)
  7091 | D:7      | Noticed a wyvern
  7097 | D:7      | Killed a wyvern
  7098 | D:7      | Reached skill level 5 in Fighting
  7098 | D:7      | Reached XP level 9. HP: 68/68 MP: 8/12
  7117 | D:7      | Found a blossoming altar of Fedhas.
  7147 | D:7      | Found a bloodstained altar of Trog.
  7148 | D:7      | Found a transporter.
  7172 | D:7      | Identified the +4 hand axe "Qiumof" {freeze, *Rage Fly
                  | rC+++ Will-}
  7199 | D:7      | Reached ** piety under Cheibriados
  7226 | D:7      | Noticed Maggie
  7247 | D:7      | Found a flagged portal.
  7256 | Bailey   | Entered a bailey
  7363 | Bailey   | Noticed an orc sorcerer
  7368 | Bailey   | Noticed a sun demon
  7379 | Bailey   | Slain by a sun demon

Illustrated notes

Levels and vault maps discovered:
D:1:      spicycebolla_green_bress_n_ham, layout_rooms
D:2:      layout_basic, serial_shops, shop
D:3:      layout_loops_ring, lemuel_coloured_pillars_altar,
          kennysheep_okawaru_gauntlet, serial_shops, nicolae_shop_rolled_up
D:4:      layout_loops_corners, corexii_shack
D:5:      layout_basic, overflow_temple_1_default,
          minmay_temple_entry_enclosed_plants, uniq_sigmund
D:6:      layout_basic, kennysheep_little_box, serial_shops,
          nicolae_shop_statue_plus
D:7:      layout_basic, fedhas_ov_isle_minmay, amcnicky_altar_gilded,
          vehumet_altar_wand_db, enter_bailey_2,
          gammafunk_ghost_wrathful_warriors, uniq_maggie
Temple:   dpeg_three_leaves_temple
Bailey:   bailey_axe_of_yendor_kennysheep, bailey

Skill      XL: |  1  2  3  4  5  6  7  8  9 |
---------------+----------------------------+-----
Transmutations | 3 4 5 6 8 9 10 | 10.7
Dodging        | 4 6 7 |  7.4
Fighting       | 2 5 |  5.7
Unarmed Combat | 4 6 |  6.6
Spellcasting   | |  2.0

Action                     |  1- 3 |  4- 6 |  7- 9 || total
---------------------------+-------+-------+-------++-------
  Melee: Unarmed           |   144 |   126 |   249 ||   519
         Headbutt          |     7 |     1 |       ||     8
         Punch             |     1 |     1 |     3 ||     5
         Tailslap          |     1 |       |       ||     1
   Cast: Beastly Appendage |    13 |     2 |       ||    15
         Spider Form       |       |    11 |    18 ||    29
         Ice Form          |       |       |    14 ||    14
    Use: Scroll            |       |     9 |     5 ||    14
   Stab: Distracted        |     1 |       |       ||     1
         Sleeping          |       |     1 |       ||     1
 Armour: Robe              |    28 |    13 |    12 ||    53
         Skin              |       |     2 |    49 ||    51
  Dodge: Dodged            |    74 |    77 |   175 ||   326
